 Dungeon Crawl Stone Soup version 0.27-a0-1101-ge311f74bc8 (webtiles) character file.

Game seed: 16991652305617581315

2228 rjrrt the Cleaver (level 9, -16/97 HPs)
             Began as a Demonspawn Berserker on Apr 28, 2021.
             Was an Elder of Trog.
             Demolished by an ogre
             ... wielding a +0 giant spiked club
              (26 damage)
             ... on level 6 of the Dungeon.
             The game lasted 00:09:41 (6261 turns).

rjrrt the Cleaver (Demonspawn Berserker)            Turns: 6261, Time: 00:09:41

Health: -16/97     AC: 11    Str: 21    XL:     9   Next: 14%
Magic:  9/9        EV:  8    Int: 10    God:    Trog [****..]
Gold:   240        SH:  0    Dex: 13    Spells: 8/8 levels left

rFire    . . .     SeeInvis .   a - +0 hand axe
rCold    . . .     Faith    .   (no shield)
rNeg     . . .     Spirit   .   h - +0 chain mail
rPois    .         Reflect  .   (no helmet)
rElec    .         Harm     .   (no cloak)
rCorr    .         Rampage  .   (no gloves)
Will     .....                  o - +1 pair of boots
Stlth    ..........             (no amulet)
HPRegen  0.26/turn              (no ring)
MPRegen  0.11/turn              (no ring)

@: berserking, very quick
A: spiny 2, big brain 1
a: Renounce Religion, Berserk, Trog's Hand, Brothers in Arms


You were on level 6 of the Dungeon.
You worshipped Trog.
Trog was greatly pleased with you.
You visited 1 branch of the dungeon, and saw 6 of its levels.

You collected 240 gold pieces.

Inventory:

Hand Weapons
 a - a +0 hand axe (weapon)
 b - a +0 whip of electrocution
 d - a +0 spear
Missiles
 k - 52 poisoned darts (quivered)
Armour
 h - a +0 chain mail (worn)
 o - a +1 pair of boots (worn)
Jewellery
 l - a ring of flight
Wands
 c - a wand of mindburst (5)
 n - a wand of acid (4)
Scrolls
 e - 2 scrolls of teleportation
Potions
 f - 3 potions of lignification
 g - a potion of might
 i - 2 potions of haste
 j - a potion of invisibility
 m - a potion of resistance
 p - a potion of cancellation
 q - 2 potions of curing
 s - a potion of flight {unknown}


   Skills:
 + Level 3.9 Fighting
 + Level 10.5 Axes
 + Level 2.8 Armour
 + Level 2.8 Dodging
 + Level 1.9 Evocations


You had 8 spell levels left.
You didn't know any spells.
Your spell library was empty.

Dungeon Overview and Level Annotations

Branches:
Dungeon (6/15)
 Temple: D:4-7

Altars:
Cheibriados
Makhleb
Nemelex Xobeh
Uskayaw
Xom

Shops:
D:1 (


Innate Abilities, Weirdness & Mutations

You are mostly covered in sharp spines.
You have an unusually large brain. (Int +2)


Message History

Unknown command.
You hit the orc priest.
The orc priest is heavily wounded.
You are too injured to fight recklessly!
Unknown command.
You hit the orc priest but do no damage.
The orc priest is heavily wounded.
The orc priest invokes the aid of Beogh against you.
Beogh smites you!
* * * LOW HITPOINT WARNING * * *
You hear a shout!
Your chain mail prevents you from hitting the orc priest.
The orc priest is heavily wounded.
The orc priest is struck by your spines.
The orc priest closely misses you.
You hit the orc priest.
The orc priest is severely wounded.
The orc priest invokes the aid of Beogh against you.
Beogh smites you!
* * * LOW HITPOINT WARNING * * *
Unknown command.
You hit the orc priest but do no damage.
The orc priest is severely wounded.
You hit the orc priest.
The orc priest is almost dead.
The orc priest barely misses you.
Unknown command.
You closely miss the orc priest.
The orc priest is almost dead.
The orc priest is struck by your spines.
You kill the orc priest!
Trog accepts your kill.
Unknown command.
You start resting.
An ogre comes into view. It is wielding a +0 giant spiked club.
A red film seems to cover your vision as you go berserk!
You feel yourself moving faster!
You feel mighty!
You completely miss the ogre. The ogre is struck by your spines.
The ogre hits you with a +0 giant spiked club!!
You die...

... #.####.###########
.....(..>........>
#.###....######### #.#
#....#######
....#..........### #
#.#.#....###......
#.#)#.#....###.#.... #
#.#@#)#.............
#.###.#O#.##.#.###.#....
...[.<.......)....$#....
...................# #.#
.........†.........# # #
....?..............# #
.............$.......# #
(..................### #
.....................


You could see an ogre.

Vanquished Creatures
  A shadow (D:5)
  A wraith (D:5)
  A water moccasin (D:5)
  3 sky beasts
  2 black bears
  A centaur (D:6)
  An ogre (D:4)
  3 phantoms (D:5)
  A kobold brigand (D:5)
  A scorpion (D:4)
  A water moccasin zombie (D:5)
  A bullfrog zombie (D:5)
  2 hounds
  2 orc priests
  A gnoll shaman (D:5)
  2 bullfrog skeletons (D:5)
  3 iguanas
  Ijyb (D:4)
  Natasha (thrice) (D:2)
  3 orc wizards
  A hound skeleton (D:5)
  6 gnolls
  11 adders
  2 shadow imps
  An ufetubus (D:5)
  2 adder skeletons
  4 dart slugs
  A worm (D:2)
  10 orcs
  7 bats
  7 endoplasms
  3 giant cockroaches
  15 goblins
  2 hobgoblins
  4 jackals
  4 quokkas
  4 ball pythons
  11 frilled lizards
  6 kobolds
  7 rats
142 creatures vanquished.

Vanquished Creatures (others)
  An orc wizard (D:6)
  7 plants (D:4)
8 creatures vanquished.

Grand Total: 150 creatures vanquished

Notes
Turn   | Place    | Note
-------+----------+-------------------------------------------
     0 | D:1      | rjrrt the Demonspawn Berserker began the quest for the Orb.
     0 | D:1      | Reached XP level 1. HP: 18/18 MP: 1/1
   201 | D:1      | Reached skill level 3 in Axes
   452 | D:1      | Gained mutation: You are partially covered in sharp spines.
                  | [demonic ancestry]
   452 | D:1      | Reached XP level 2. HP: 20/24 MP: 2/2
   941 | D:1      | Found Erufus's Antique Weapon Emporium.
   984 | D:1      | Found a faded altar of an unknown god.
  1415 | D:2      | Reached ** piety under Trog
  1445 | D:2      | Noticed Natasha
  1453 | D:2      | Killed Natasha
  1454 | D:2      | Reached skill level 4 in Axes
  1454 | D:2      | Reached XP level 3. HP: 28/29 MP: 3/3
  1464 | D:2      | Noticed Natasha
  1568 | D:2      | Killed Natasha
  1569 | D:2      | Gained mutation: You are mostly covered in sharp spines.
                  | [demonic ancestry]
  1569 | D:2      | Reached XP level 4. HP: 35/35 MP: 4/4
  2078 | D:2      | Found a burning altar of Makhleb.
  2235 | D:2      | Noticed Natasha
  2239 | D:2      | Killed Natasha
  2240 | D:2      | Reached skill level 5 in Axes
  2468 | D:2      | Gained mutation: You have an unusually large brain. (Int
                  | +2) [demonic ancestry]
  2468 | D:2      | Reached XP level 5. HP: 35/41 MP: 5/5
  3458 | D:4      | Reached skill level 6 in Axes
  3469 | D:4      | Found a snail-covered altar of Cheibriados.
  3480 | D:4      | Reached XP level 6. HP: 45/47 MP: 6/6
  3490 | D:4      | Reached *** piety under Trog
  3954 | D:4      | Reached skill level 7 in Axes
  4130 | D:4      | Noticed Ijyb
  4150 | D:4      | Killed Ijyb
  4151 | D:4      | Reached XP level 7. HP: 32/52 MP: 7/7
  4607 | D:5      | Entered Level 5 of the Dungeon
  4711 | D:5      | Reached skill level 8 in Axes
  4919 | D:5      | Reached skill level 9 in Axes
  4919 | D:5      | Reached XP level 8. HP: 47/58 MP: 8/8
  5022 | D:5      | Reached skill level 10 in Axes
  5478 | D:5      | Reached skill level 1 in Evocations
  5782 | D:5      | Found a hide-covered altar of Uskayaw.
  5782 | D:5      | Found a sparkling altar of Nemelex Xobeh.
  5897 | D:5      | Found a shimmering altar of Xom.
  6196 | D:6      | Reached XP level 9. HP: 54/64 MP: 9/9
  6235 | D:6      | Reached **** piety under Trog
  6261 | D:6      | Demolished by an ogre

Illustrated notes

Levels and vault maps discovered:
D:1:      nagdon_arrival_double_spiral, layout_loops_ring,
          shapermc_ecumenical_altar_notcrosses, serial_shops, shop
D:2:      layout_basic, basic_altar, uniq_natasha
D:3:      layout_basic, moated_statue
D:4:      kennysheep_the_goblin_king, layout_cave_pools, cheibriados_altar_1,
          minmay_lizard_king
D:5:      cheibrodos_fzero, layout_loops_ring, tgw_xom,
          chequers_temple_overflow_statue_of_worship
D:6:      layout_basic, uniq_crazy_yiuf_cottage, uniq_maggie

Skill      XL: |  1  2  3  4  5  6  7  8 |
---------------+-------------------------+-----
Axes           | 3 4 5 6 7 9 10 | 10.5
Armour         | 2 |  2.8
Dodging        | 2 |  2.8
Evocations     | 1 |  1.9
Fighting       | |  3.9

Action                   |  1- 3 |  4- 6 |  7- 9 || total
-------------------------+-------+-------+-------++-------
Melee: Hand axe          |    54 |   112 |   220 ||   386
Invok: Berserk           |     2 |       |     2 ||     4
  Use: Scroll            |       |     9 |     7 ||    16
       Potion            |       |       |     1 ||     1
 Stab: Sleeping          |     2 |       |       ||     2
Armor: Animal skin       |    16 |     2 |       ||    18
       Chain mail        |       |    45 |    93 ||   138
Dodge: Dodged            |    36 |    48 |    59 ||   143

Table legend: (Time is in decaauts)
 A = Elapsed time spent in this place.
 B = Non-inter-level travel time spent in this place.
 C = Inter-level travel time spent in this place.
 D = Time resting spent in this place.
 E = Time spent auto-exploring this place.
 F = Levels seen in this place.
 G = Mean time per level.
                   A        B        C        D        E       F      G
               +--------+--------+--------+--------+--------+-----+--------+
         Total |   6279 |   6002 |    277 |    352 |   4723 |   6 | 1046.5 |
       Dungeon |   6279 |   6002 |    277 |    352 |   4723 |   6 | 1046.5 |
               +--------+--------+--------+--------+--------+-----+--------+

Top non-repeatable levels by time:
     D:5: 1524 daAuts
     D:2: 1355 daAuts
     D:1: 1317 daAuts
     D:4: 1158 daAuts
     D:3: 801 daAuts
     D:6: 123 daAuts
